Khor, neutral female human Monk ----------- |.........-########## |<........| #### |.........|# # |.........|#0# ### -.--------- # # # ### # # # # #%# ## ## q -----.--------#@# |.............# |............| |.............## |............| -------------- Khor the Initiate Experience level: 9 Strength: 25 Dexterity: 13 Constitution: 14 Intelligence: 9 Wisdom: 15 Charisma: 8 Health: 0(56) Energy: 35(40) AC: 0 Gold: 610 Moves: 4893 Your Inventory: Coins $ - 610 gold pieces Armor o - an uncursed greased +0 pair of jumping boots (being worn) q - an uncursed +0 pair of gauntlets of power (being worn) A - an uncursed rusty +0 dwarvish iron helm (being worn) N - an uncursed greased +1 robe (being worn) Q - an uncursed +3 small shield (being worn) S - an [uncursed +0] pair of boots called nomessage [water walking] Comestibles B - 2 [uncursed] lizard corpses V - an [uncursed] coffee bean Scrolls O - an [uncursed] unlabeled scroll [of blank paper] R - a [cursed] scroll labeled ZELGO MER [of stinking cloud] U - an [uncursed] scroll labeled PHOL ENDE WODAN [of confuse monster] W - a [blessed] scroll of earth Potions c - an [uncursed] potion of blindness d - a [cursed] dark green potion [of sleeping] M - an [uncursed] milky potion [of see invisible] Rings r - an [uncursed] steel ring [of shock resistance] Wands y - an [uncursed] wand of fire [0:5] E - an uncursed wand of striking [0:4] H - an uncursed wand of polymorph [0:5] Z - an [uncursed] wand of make invisible [0:5] Tools b - an uncursed bag called expensive [of holding] k - an [uncursed] lock pick l - an [uncursed] bag called expensive [of holding] P - a [blessed magic] lamp called magic (lit) T - an uncursed towel Gems e - an uncursed gray stone [touchstone] Contents of the bag of holding: 702 gold pieces 3 uncursed apples a cursed clove of garlic 6 uncursed food rations 4 uncursed fortune cookies a cursed fortune cookie an uncursed tripe ration an [uncursed] scroll called [100] VAS CORP BET MANI [of destroy armor] a [cursed] scroll called [200] LOREN IPSUM [of flood] 2 uncursed scrolls called identify [of identify] an [uncursed] scroll called light [of light] a [blessed] scroll labeled ANDOVA BEGARIN [of create monster] an [uncursed] scroll labeled FOOBIE BLETCH [of enchant armor] a [cursed] scroll labeled PHOL ENDE WODAN [of confuse monster] an uncursed scroll of earth 2 uncursed scrolls of teleportation a [blessed] unlabeled scroll [of blank paper] 3 [uncursed] unlabeled scrolls [of blank paper] an [uncursed] paperback spellbook [of remove curse] a [blessed] amber potion [of acid] an [uncursed] clear potion [of water] 2 [uncursed] magenta potions [of monster detection] an [uncursed] potion of object detection an [uncursed] swirly potion [of paralysis] an uncursed [+0] pick-axe Spells known in the end: Name Level Category Fail Memory a - healing 1 healing 0% [|||||||.] b - create monster 2 clerical 0% [|||||||.] c - detect food 2 divination 0% [|||||||.] Your skills at the end: Fighting Skills martial arts [Skilled / Grand Master] Weapon Skills Spellcasting Skills healing spells [Basic / Expert] Final Attributes: You were piously aligned. Hunger level was 151. Your alignment was 34 / 34. Monster difficulty range was 1 - 9. Level difficulty was 9. You resisted fire. You resisted cold. You were immune to sleep. You were immune to poison. You saw invisible. You were telepathic. You were warned. You had automatic searching. You were stealthy. You could jump. You were fast. Your luck was zero. You are dead. Vanquished creatures: 2 ghosts a giant zombie a small mimic a xan a gelatinous cube a tiger a chameleon 3 leprechauns a horse a rust monster 2 lizards 3 dogs a dingo 2 housecats a Woodland-elf a bugbear 2 water nymphs a rock piercer a pony a yellow light a violet fungus 6 gnome lords a gnomish wizard a kobold mummy a black naga hatchling a golden naga hatchling a gray ooze 3 elf zombies a ghoul a paper golem a baby crocodile 3 floating eyes 11 dwarves a homunculus 5 rothes a giant bat 3 orc zombies 4 dwarf zombies 3 iguanas 3 killer bees an acid blob a coyote 2 hobbits 2 hobgoblins 2 giant rats 5 cave spiders 2 brown molds a yellow mold a red mold 36 gnomes 7 garter snakes 2 geckos 3 jackals 2 foxes 2 goblins 3 sewer rats 10 grid bugs a bat a lichen a kobold zombie 6 newts 171 creatures vanquished. Voluntary challenges: You pretended to be a vegetarian. You never hit with a wielded weapon. You read items or engraved 5 times. You put on armor 16 times. You never genocided any monsters. You never polymorphed an object. You never changed form. You used no wishes. You never wrote Elbereth's name. You encountered 2 bones levels. You never used any Sokoban shortcuts. Dungeon overview: The Dungeons of Doom: levels 1 to 9 Level 1 an altar, a fountain a long staircase Level 2 an armor shop stairs to The Gnomish Mines Level 3 a scroll shop, an altar, some fountains Level 5 a sink Level 6 a fountain Level 8 some fountains Level 9 <- You were here The Gnomish Mines: levels 3 to 7 Level 3 stairs to The Dungeons of Doom Level 6 many shops, a temple, a magic chest, some fountains, many trees History has recorded: On T:1 you entered the Dungeons of Doom to retrieve the Amulet of Yendor! On T:367 you reached level 2 of The Dungeons of Doom. On T:387 you reached level 1 of The Gnomish Mines. On T:644 you advanced to experience level 2. On T:645 you advanced to experience level 3. On T:654 you advanced to experience level 4. On T:668 you advanced to experience level 5. On T:692 you reached level 2 of The Gnomish Mines. On T:903 you reached level 3 of The Gnomish Mines. On T:971 you advanced to experience level 6. On T:1255 you advanced to experience level 7. On T:1575 you reached level 5 of The Gnomish Mines. On T:1599 you reached level 4 of The Gnomish Mines. On T:1691 you advanced to experience level 8. On T:2621 you reached level 3 of The Dungeons of Doom. On T:2934 you reached level 4 of The Dungeons of Doom. On T:3389 you reached level 5 of The Dungeons of Doom. On T:3774 you advanced to experience level 9. On T:3811 you reached level 6 of The Dungeons of Doom. On T:4037 you reached level 7 of The Dungeons of Doom. On T:4519 you reached level 8 of The Dungeons of Doom. On T:4597 you reached level 9 of The Dungeons of Doom. Latest messages: You kill the xan! You destroy the orc zombie! You hit the giant zombie! (3x) The giant zombie hits! (2x) You hit the giant zombie! The giant zombie hits! (2x) You destroy the giant zombie! You feel better. The orc zombie rises from the dead! The mumak misses. The mumak just misses! You hit the mumak! The orc zombie misses. You destroy the orc zombie! You hit the mumak! The mumak butts! The mumak bites! You die... The bag of holding is empty. Final status: Punardarsanaya Khor the Monk... You died in The Dungeons of Doom on dungeon level 9 with 10927 points, and 1312 pieces of gold, after 4893 moves. You were level 9 with a maximum of 56 hit points when you died.